 Dungeon Crawl Stone Soup version 0.20.1-1-g8b1a95d (console) character file.

63 hilaritas the Chopper (level 4, -1/60 HPs)
             Began as a Hill Orc Berserker on Jan 27, 2018.
             Was a Believer of Trog.
             Slain by a hobgoblin
             ... wielding a +0 club
             ... led by Robin
              (9 damage)
             ... on level 2 of the Dungeon.
             The game lasted 00:04:22 (1986 turns).

hilaritas the Chopper (Hill Orc Berserker)          Turns: 1986, Time: 00:04:22

Health: -1/60      AC:  3    Str: 23    XL:     4   Next: 10%
Magic:  4/4        EV: 12    Int:  7    God:    Trog [**....]
Gold:   95         SH:  0    Dex: 10    Spells: 3/3 levels left

rFire    . . .     SeeInvis .   a - +1 hand axe
rCold    . . .     Gourm    .   (no shield)
rNeg     . . .     Faith    .   b - +0 animal skin
rPois    .         Spirit   .   (no helmet)
rElec    .         Reflect  .   (no cloak)
rCorr    .         Harm     .   (no gloves)
MR       ++...                  j - +0 pair of boots
Stlth    ..........             (no amulet)
Regen    1.2/turn               e - -2 ring of strength (curse)
MPRegen  0.1/turn               (no ring)

@: berserking, regenerating, very quick
A: no striking features
a: Berserk, Trog's Hand, Burn Spellbooks, Renounce Religion


You were on level 2 of the Dungeon.
You worshipped Trog.
Trog was pleased with you.
You were very hungry.

You visited 1 branch of the dungeon, and saw 2 of its levels.

You collected 95 gold pieces.

Inventory:

Hand Weapons
 a - a +1 hand axe (weapon)
Armour
 b - a +0 animal skin (worn)
 j - a +0 pair of boots (worn)
Jewellery
 e - a cursed -2 ring of strength (left hand)
Scrolls
 f - a scroll of enchant weapon
 g - a scroll of teleportation
Potions
 d - a potion of agility
 k - 2 potions of lignification
 l - a potion of curing
Comestibles
 c - 3 bread rations
 h - a fruit
 i - 2 royal jellies


   Skills:
 + Level 4.2 Fighting
 * Level 6.0 Axes
 - Level 2.1 Armour
 - Level 1.5 Dodging


You had 3 spell levels left.
You didn't know any spells.

Dungeon Overview and Level Annotations

Branches:
Dungeon (2/15)

Altars:

Annotations:
D:2 Robin


Message History

The hobgoblin hits you with a club.
* * * LOW HITPOINT WARNING * * *
Unknown command.
You hit the hobgoblin.
You kill the hobgoblin!
Trog accepts your kill.
Your Axes skill increases to level 6!
Robin roars a battlecry!
The goblins go into a battle-frenzy!
Unknown command.
A red film seems to cover your vision as you go berserk!
You feel yourself moving faster!
You feel mighty!
You are feeling very hungry.
The goblin misses you.
You slash the goblin!
You kill the goblin!
Trog accepts your kill.
You barely miss the hobgoblin. Robin throws the goblin at you!
The hobgoblin hits you with a club!
You die...

######.###.## #. #>#
#.## #. #.# #... .##
##'###### ..# ##...## #
##.# ##.....## ##..#
##.......##
######...####.........##
.........(..'.........+.
##...gg####<........##
##.#@## ##.(.....##
#gg## ##.....##
......†g# ##...##
#...#.g.# ##'## ##.
##.## #.# .. #.# ...
##.###### #.. ##........
##. #.........
####...##...
...........##


You could see Robin, 2 hobgoblins and 3 goblins.

Vanquished Creatures
  An adder (D:2)
  2 oozes (D:1)
  3 dart slugs (D:1)
  5 bats
  A giant cockroach (D:1)
  10 goblins
  5 hobgoblins
  2 frilled lizards (D:1)
  5 kobolds
  4 rats
38 creatures vanquished.

Notes
Turn   | Place    | Note
-------+----------+-------------------------------------------
     0 | D:1      | hilaritas the Hill Orc Berserker began the quest for the Orb.
     0 | D:1      | Reached XP level 1. HP: 19/19 MP: 1/1
    33 | D:1      | Reached XP level 2. HP: 17/27 MP: 2/2
   630 | D:1      | Reached skill level 5 in Axes
   632 | D:1      | Reached XP level 3. HP: 19/33 MP: 3/3
  1975 | D:2      | Reached ** piety under Trog
  1975 | D:2      | Reached XP level 4. HP: 27/40 MP: 4/4
  1979 | D:2      | Noticed Robin
  1982 | D:2      | HP: 3/40 [goblin/stone[Robin] (4)]
  1984 | D:2      | Reached skill level 6 in Axes
  1986 | D:2      | Slain by a hobgoblin

Skill      XL: |  1  2  3  4 |
---------------+-------------+-----
Axes           | 5 6 |  6.0
Fighting       | 4 |  4.2
Armour         | |  2.1
Dodging        | |  1.5

Action                   |  1- 3 |  4- 6 || total
-------------------------+-------+-------++-------
Melee: Hand axe          |   101 |     8 ||   109
Invok: Berserk           |       |     1 ||     1
       Trog's Hand       |       |     1 ||     1
  Use: Scroll            |    10 |       ||    10
  Eat: Chunk             |     3 |       ||     3
Armor: Animal skin       |    23 |       ||    23
Dodge: Dodged            |    83 |     2 ||    85
